 Dungeon Crawl Stone Soup version 0.26-b1-32-g5d43845318 (webtiles) character file.

Game seed: 1885696438012484808

5166 teolandon225 the Cleaver (level 10, -16/91 HPs)
             Began as a Minotaur Berserker on Jan 4, 2021.
             Was an Elder of Trog.
             Demolished by a boulder beetle (54 damage)
             ... on level 7 of the Dungeon.
             The game lasted 00:10:33 (5865 turns).

teolandon225 the Cleaver (Minotaur Berserker)       Turns: 5865, Time: 00:10:33

Health: -16/91     AC: 17    Str: 24    XL:     10   Next: 34%
Magic:  18/18      EV:  9    Int:  4    God:    Trog [****..]
Gold:   311        SH:  7    Dex: 11    Spells: 9/9 levels left

rFire    . . .     SeeInvis .   f - +0 war axe
rCold    . . .     Faith    .   u - +0 kite shield
rNeg     . . .     Spirit   .   t - +2 chain mail {Will+}
rPois    .         Reflect  .   (helmet restricted)
rElec    .         Harm     .   (no cloak)
rCorr    .         Rampage  .   (no gloves)
Will     +....                  (no boots)
Stlth    ..........             j - amulet of magic regeneration
HPRegen  0.25/turn              h - +4 ring of protection
MPRegen  0.41/turn              p - ring of magical power

@: lethally poisoned (-16 -> -16), berserk cooldown, slowed, very slow
A: retaliatory headbutt, horns 2
a: Renounce Religion, Berserk, Trog's Hand, Brothers in Arms


You were on level 7 of the Dungeon.
You worshipped Trog.
Trog was greatly pleased with you.
You visited 1 branch of the dungeon, and saw 7 of its levels.

You collected 346 gold pieces.
You spent 35 gold pieces at shops.

Inventory:

Hand Weapons
 a - a +1 hand axe
 f - a +0 war axe (weapon)
Armour
 b - a +1 animal skin
 g - a +0 ring mail
 t - a +2 chain mail of willpower (worn)
 u - a +0 kite shield (worn)
Jewellery
 h - a +4 ring of protection (left hand)
 j - an amulet of magic regeneration (around neck)
 p - a ring of magical power (right hand)
 A - an uncursed amulet of guardian spirit {unknown}
Wands
 n - a wand of disintegration (18)
 o - a wand of flame (26)
 v - a wand of polymorph (16)
 x - a wand of enslavement (6)
 y - a wand of paralysis (12)
Scrolls
 d - 2 scrolls of enchant weapon
 i - 3 scrolls of identify
 s - 6 scrolls of teleportation
 w - 3 scrolls of remove curse
 z - a scroll of noise {unknown}
 B - a scroll of fog {unknown}
Potions
 c - 2 potions of heal wounds
 e - a potion of attraction {unknown}
 k - 3 potions of degeneration {unknown}
 l - 6 potions of curing {unknown}
 m - a potion of mutation {unknown}
 q - a potion of might {unknown}
 r - a potion of haste {unknown}


   Skills:
 + Level 9.1 Fighting
 * Level 11.9 Axes
 + Level 8.6 Armour
 + Level 7.9 Dodging


You had 9 spell levels left.
You didn't know any spells.
Your spell library was empty.

Dungeon Overview and Level Annotations

Branches:
Dungeon (7/15)             Temple (0/1) D:5

Altars:
Ashenzari
Cheibriados
Dithmenos
Fedhas
Gozag
Kikubaaqudgha
Nemelex Xobeh
Sif Muna
Trog
Uskayaw
Vehumet
Wu Jian
Xom
Yredelemnul

Shops:
D:4 ((


Innate Abilities, Weirdness & Mutations

You reflexively headbutt those who attack you in melee.
You have a pair of horns on your head.


Message History

The black bear bites you.
The black bear claws you but does no damage. x2
You slash the manticore!
You kill the manticore!
Trog accepts your kill.
You hit the centaur skeleton. You hit the black bear.
The centaur skeleton closely misses you.
You furiously retaliate!
You headbutt the centaur skeleton!
You destroy the centaur skeleton!
Trog accepts your kill. The black bear bites you.
The black bear claws you but does no damage.
The black bear closely misses you.
Your Fighting skill increases to level 9!
You slash the black bear!
You kill the black bear!
Trog accepts your kill.
You feel sick. The boulder beetle hits you!!!
Ouch! That really hurt!
You die...

_## #.#.# ## #.#.#######
#######
#.#(#....([#?$....#
#.#.##....:[).°..# #
#.#.# #......°..#
######.#.####.....°.#
............##...○.#
#.####.#....# #.B.#
#......####.# #@#
#......#....####'####
####...#.####.......# ..
#...#.# #.⌠...⌠.# ..
#..##.####....⌠..### .
#....(##)))..⌠...'.##
.###..#..#..#..⌠....#..#
#.....#..#..#.⌠...⌠.#..#
#.....#..#..#.......#..#


You could see a boulder beetle.

Vanquished Creatures
  Harold (D:7)
  Pikel (D:6)
  An ugly thing (D:7)
  A manticore (D:7)
  Sigmund (D:5)
  Eustachio (D:5)
  A yak (D:7)
  Menkaure (D:6)
  2 sky beasts
  4 ice beasts
  A phantom (D:7)
  A black bear (D:7)
  3 ogres
  3 centaurs (D:5)
  3 lemures (D:6)
  3 bullfrogs
  A scorpion (D:5)
  2 water moccasin skeletons
  3 wights (D:7)
  A howler monkey (D:4)
  2 bullfrog zombies (D:7)
  A centaur zombie (D:7)
  A quasit (D:7)
  3 bullfrog skeletons
  A centaur skeleton (D:7)
  2 orc priests
  4 hounds
  Jessica (D:2)
  2 iguanas
  Ijyb (D:3)
  2 worker ants
  10 orc wizards
  A killer bee zombie (D:7)
  A hound skeleton (D:6)
  A worker ant zombie (D:5)
  A howler monkey skeleton (D:6)
  6 adders
  A shadow imp (D:5)
  A white imp (D:6)
  2 ufetubi
  An adder skeleton (D:5)
  2 worms
  4 dart slugs
  6 leopard geckos
  20 orcs
  10 bats
  6 giant cockroaches
  17 goblins
  9 hobgoblins
  9 jackals
  A quokka (D:4)
  3 ball pythons
  6 frilled lizards
  A giant cockroach zombie (D:6)
  9 kobolds
  A quokka zombie (D:5)
  7 rats
191 creatures vanquished.

Vanquished Creatures (others)
  A hobgoblin (D:3)
1 creature vanquished.

Grand Total: 192 creatures vanquished

Notes
Turn   | Place    | Note
-------+----------+-------------------------------------------
     0 | D:1      | teolandon225 the Minotaur Berserker began the quest for the
                  | Orb.
     0 | D:1      | Reached XP level 1. HP: 19/19 MP: 0/0
   126 | D:1      | Reached XP level 2. HP: 21/27 MP: 1/1
   372 | D:1      | Reached skill level 4 in Axes
   623 | D:1      | Reached XP level 3. HP: 33/33 MP: 2/2
   811 | D:1      | Reached ** piety under Trog
  1061 | D:2      | Found a faded altar of an unknown god.
  1442 | D:2      | Noticed Jessica
  1448 | D:2      | Killed Jessica
  1449 | D:2      | Reached XP level 4. HP: 41/41 MP: 3/3
  1499 | D:2      | Found a bloodstained altar of Trog.
  1758 | D:2      | Found a shimmering altar of Xom.
  1760 | D:2      | Found a snail-covered altar of Cheibriados.
  1760 | D:2      | Found an ornate altar of the Wu Jian Council.
  1763 | D:2      | Found a basalt altar of Yredelemnul.
  1763 | D:2      | Found a sparkling altar of Nemelex Xobeh.
  1763 | D:2      | Found an opulent altar of Gozag.
  1820 | D:2      | Reached *** piety under Trog
  1826 | D:2      | Found a shimmering blue altar of Sif Muna.
  1828 | D:2      | Found an ancient bone altar of Kikubaaqudgha.
  1828 | D:2      | Found a radiant altar of Vehumet.
  1860 | D:3      | Noticed Ijyb
  1871 | D:3      | Killed Ijyb
  1971 | D:3      | Reached skill level 5 in Axes
  2076 | D:3      | Reached XP level 5. HP: 47/47 MP: 4/4
  2725 | D:4      | Found Neasach's Weapon Emporium.
  2782 | D:4      | Bought a +0 war axe for 35 gold pieces
  2831 | D:4      | Noticed an ogre
  2836 | D:4      | Killed an ogre
  2837 | D:4      | Reached skill level 5 in Fighting
  2837 | D:4      | Reached XP level 6. HP: 56/56 MP: 5/5
  2855 | D:4      | Reached skill level 6 in Axes
  2874 | D:4      | Found Micweu's Antique Weapon Emporium.
  3101 | D:4      | Reached XP level 7. HP: 49/61 MP: 6/6
  3349 | D:5      | Entered Level 5 of the Dungeon
  3349 | D:5      | Found a staircase to the Ecumenical Temple.
  3365 | D:5      | Reached **** piety under Trog
  3446 | D:5      | Reached skill level 7 in Axes
  3497 | D:5      | Noticed Sigmund
  3502 | D:5      | Killed Sigmund
  3503 | D:5      | Reached skill level 5 in Armour
  3672 | D:5      | Reached skill level 5 in Dodging
  3755 | D:5      | Noticed Eustachio
  3765 | D:5      | Killed Eustachio
  3766 | D:5      | Reached skill level 8 in Axes
  3766 | D:5      | Reached XP level 8. HP: 70/70 MP: 7/7
  4334 | D:6      | Noticed Pikel
  4354 | D:6      | Killed Pikel
  4355 | D:6      | Reached skill level 9 in Axes
  4355 | D:6      | Reached XP level 9. HP: 78/79 MP: 8/8
  4390 | D:6      | Noticed Menkaure
  4395 | D:6      | Killed Menkaure
  4759 | D:6      | Found a shadowy altar of Dithmenos.
  4760 | D:6      | Found a snail-covered altar of Cheibriados.
  4866 | D:7      | Reached skill level 10 in Axes
  4941 | D:7      | Noticed Harold
  4979 | D:7      | Killed Harold
  4980 | D:7      | Reached skill level 11 in Axes
  4987 | D:7      | Found a broken altar of Ashenzari.
  5209 | D:7      | Found a hide-covered altar of Uskayaw.
  5209 | D:7      | Found a blossoming altar of Fedhas.
  5546 | D:7      | Found Wetopt's Weapon Boutique.
  5724 | D:7      | Reached XP level 10. HP: 83/90 MP: 9/9
  5835 | D:7      | Noticed a red ugly thing
  5835 | D:7      | Noticed a boulder beetle
  5836 | D:7      | Noticed a manticore
  5852 | D:7      | Killed a red ugly thing
  5864 | D:7      | Killed a manticore
  5865 | D:7      | Demolished by a boulder beetle

Illustrated notes

Levels and vault maps discovered:
D:1:      nagdon_arrival_double_spiral, layout_basic,
          corexii_item_surrounded_by_moat, minmay_misc_feat_rugged,
          hangedman_decor_diamond_cutter
D:2:      layout_loops_ring, grunt_temple_overflow_magic_moments,
          doesnt_xom_only_xom, chequers_ecumenical_altar_simple,
          chequers_serial_rivers_large_b, trog_hazing_becter, uniq_jessica
D:3:      layout_basic, uniq_ijyb
D:4:      layout_rooms, serial_shops, shop_statue, nicolae_shop_stone
D:5:      layout_rooms, minmay_temple_entry_large_hall, uniq_sigmund,
          uniq_eustachio
D:6:      layout_basic, gammafunk_temple_overflow_pools, uniq_pikel,
          uniq_menkaure
D:7:      minmay_chambers_of_sevens, layout_basic,
          amethyst_overflow_temple_binary, serial_shops, shop,
          minmay_crystal_water, evilmike_ruin_ashenzari, uniq_harold

Skill      XL: |  1  2  3  4  5  6  7  8  9 10 |
---------------+-------------------------------+-----
Fighting       | 4 5 6 7 8 9 |  9.1
Axes           | 4 5 6 8 9 11 | 11.9
Armour         | 3 4 5 6 8 |  8.6
Dodging        | 3 4 5 6 7 |  7.9

Action                   |  1- 3 |  4- 6 |  7- 9 | 10-12 || total
-------------------------+-------+-------+-------+-------++-------
Melee: Hand axe          |    88 |    63 |       |       ||   151
       Headbutt          |    19 |    12 |    54 |     9 ||    94
       War axe           |       |    30 |   208 |    47 ||   285
Invok: Berserk           |     1 |     2 |     9 |     1 ||    13
       Trog's Hand       |       |     1 |     5 |     1 ||     7
       Brothers in Arms  |       |       |     1 |       ||     1
  Use: Scroll            |     7 |     2 |     1 |       ||    10
 Stab: Sleeping          |     1 |       |       |       ||     1
Armor: Animal skin       |    20 |       |       |       ||    20
       Ring mail         |     5 |    29 |       |       ||    34
       Chain mail        |       |    10 |   133 |    37 ||   180
Dodge: Dodged            |    69 |    64 |    84 |    27 ||   244
Block: Kite shield       |       |       |    72 |    17 ||    89
